 Dungeon Crawl Stone Soup version 0.24.0-37-gcf1ca852f1 (webtiles) character file.

Game seed: 14623255589373289242, levelgen mode: deterministic

56 Descartes the Skirmisher (level 4, 0/37 HPs)
             Began as a Formicid Abyssal Knight on Dec 2, 2019.
             Was a Believer of Lugonu.
             Slain by a phantom (5 damage)
             ... on level 2 of the Dungeon.
             The game lasted 00:02:39 (1870 turns).

Descartes the Skirmisher (Formicid Abyssal Knight)  Turns: 1870, Time: 00:02:40

Health: 0/37       AC:  3    Str: 17    XL:     4   Next: 15%
Magic:  5/5        EV: 11    Int: 12    God:    Lugonu [**....]
Gold:   22         SH:  0    Dex: 10    Spells: 3/3 levels left

rFire    . . .     SeeInvis +   a - +1 hand axe
rCold    . . .     Gourm    .   (no shield)
rNeg     . . .     Faith    .   b - +0 leather armour
rPois    .         Spirit   .   (helmet unavailable)
rElec    .         Reflect  .   (no cloak)
rCorr    .         Harm     .   (no gloves)
MR       .....                  (no boots)
Stlth    +.........             (no amulet)
HPRegen  0.12/turn              (no ring)
MPRegen  0.09/turn              (no ring)

@: no status effects
A: permanent stasis, dig shafts and tunnels, four strong arms, antennae 3
a: Dig, Shaft Self, Depart the Abyss, Bend Space, Renounce Religion


You were on level 2 of the Dungeon.
You worshipped Lugonu.
Lugonu was pleased with you.
You were not hungry.

You visited 1 branch of the dungeon, and saw 2 of its levels.
You visited the Abyss 1 time.

You collected 22 gold pieces.

Inventory:

Hand Weapons
 a - a +1 hand axe (weapon)
Missiles
 d - 7 boomerangs of dispersal (quivered)
 e - 45 stones
 m - 11 sling bullets
 n - 43 arrows
Armour
 b - a +0 leather armour (worn)
Scrolls
 g - a scroll of enchant armour {unknown}
 h - 2 scrolls of random uselessness {unknown}
 k - a scroll of fear {unknown}
Potions
 f - a potion of lignification {unknown}
 i - a potion of brilliance {unknown}
 j - a potion of agility {unknown}
Comestibles
 c - 5 rations
 l - a chunk of flesh


   Skills:
 + Level 4.1 Fighting
 + Level 3.0 Axes
 + Level 2.5 Armour
 + Level 1.0 Dodging
 + Level 0.4 Stealth
 + Level 2.3 Invocations


You had 3 spell levels left.
You didn't know any spells.
Your spell library was empty.

Dungeon Overview and Level Annotations

Branches:
Dungeon (2/15)

Altars:


Innate Abilities, Weirdness & Mutations

You cannot be hasted, slowed, berserked, paralysed or teleported.
You can dig through walls and to a lower floor.
Your four strong arms can wield two-handed weapons with a shield.
You have a pair of large antennae on your head. (SInv)


Message History

The orc is almost dead.
The orc hits you but does no damage.
You barely miss the orc.
The orc is severely wounded.
The orc hits you with a +0 mace.
* * * LOW HITPOINT WARNING * * *
You hit the orc.
You kill the orc!
Lugonu accepts your kill.
Your Axes skill increases to level 3!
You hit the phantom.
The phantom is severely damaged.
The phantom hits you.
* * * LOW HITPOINT WARNING * * *
The phantom blinks!
Some of the chunks of flesh in your inventory have rotted away.
Items here: ! )))))) ? [ ÷ † An adder comes into view.
The phantom hits you.
You die...

#........#..?
#...S..###.#
#..........#
#.........##
#........##
#........#
########.....####
#.........W..#
#........#@###
#........##)##
#........###.#
#........# ###
#........#
#........#
#........#
##########


You could see a phantom and an adder (wandering).

Vanquished Creatures
  A worm (D:2)
  A dart slug (D:1)
  3 leopard geckos
  3 orcs (D:2)
  3 giant cockroaches
  6 goblins
  4 hobgoblins
  5 jackals (D:2)
  6 kobolds
  A bat (D:1)
  A frilled lizard (D:1)
  5 rats (D:2)
39 creatures vanquished.

Notes
Turn   | Place    | Note
-------+----------+-------------------------------------------
     0 | Abyss:1  | Descartes the Formicid Abyssal Knight began the quest for
                  | the Orb.
     0 | Abyss:1  | Reached XP level 1. HP: 18/18 MP: 2/2
    83 | Abyss:1  | Noticed a small abomination
   107 | D:1      | Escaped the Abyss
   314 | D:1      | Reached XP level 2. HP: 21/24 MP: 3/3
  1218 | D:2      | Reached XP level 3. HP: 29/30 MP: 4/4
  1255 | D:2      | Reached skill level 4 in Fighting
  1421 | D:2      | Reached ** piety under Lugonu
  1431 | D:2      | Reached skill level 1 in Dodging
  1616 | D:2      | Reached XP level 4. HP: 20/37 MP: 5/5
  1652 | D:2      | Noticed a phantom
  1870 | D:2      | Slain by a phantom

Levels and vault maps discovered:
D:1:      dpeg_arrival_long_road, layout_basic
D:2:      layout_basic, hangedman_abyss_or_decor_stabs

Skill      XL: |  1  2  3  4 |
---------------+-------------+-----
Fighting       | 4 |  4.1
Dodging        | 1 |  1.0
Axes           | 3 |  3.0
Armour         | |  2.5
Stealth        | |  0.4
Invocations    | |  2.3

Action                   |  1- 3 |  4- 6 || total
-------------------------+-------+-------++-------
Melee: Hand axe          |   107 |    27 ||   134
 Abil: Dig               |     1 |       ||     1
 Stab: Sleeping          |     1 |       ||     1
  Eat: Chunk             |     2 |     1 ||     3
Armor: Leather armour    |    10 |     5 ||    15
Dodge: Dodged            |    68 |     6 ||    74
